MLB
HOUSTON ASTROS @ SEATTLE MARINERS
08/24/2099
 
TOP OF THE 1ST
Houston Astros batting - Pitching for Seattle Mariners : LHP John McWilliams
Pitching: LHP John McWilliams
Batting: RHB Del Bannerman 0-0: Called Strike
0-1: Ball
1-1: Foul Ball, location: 9LMF
1-2: Ball
2-2: Foul Ball, location: 7LMF
2-2: Ball
3-2: Foul Ball, location: 7LDF
3-2: Base on Balls
Batting: LHB Zack Baize 0-0: Called Strike
0-1: Ball
1-1: SINGLE (Groundball, 6M, EV 96.3 MPH) (infield hit)
Del Bannerman to second
Batting: RHB Jeff Cinnamon 0-0: Ball
1-0: Swinging Strike
1-1: Ball
2-1: Ball
3-1: Called Strike
3-2: Foul Ball, location: 2F
3-2: Foul Ball, location: 3F
3-2: Strikes out swinging
Batting: LHB Alex Perez 0-0: Foul Ball, location: 7LMF
0-1: Foul Ball, location: 2F
0-2: Strikes out looking
Batting: LHB Eddy Miramontes 0-0: Foul Ball, location: 2F
0-1: DOUBLE (Groundball, 3L, EV 94.4 MPH)
Del Bannerman scores
Zack Baize to third
Batting: RHB Frank Kelsay 0-0: Ball
1-0: Fly out, F8 (Flyball, 8LXD, EV 90.0 MPH)
Top of the 1st over - 1 run, 2 hits, 0 errors, 2 left on base; Houston 1 - Seattle 0
BOTTOM OF THE 1ST
Seattle Mariners batting - Pitching for Houston Astros : RHP Ron Lord
Pitching: RHP Ron Lord
Batting: LHB Omar Perez 0-0: Ball
1-0: Ball
2-0: Ball
3-0: Called Strike
3-1: Ground out 4-3 (Groundball, 4, EV 104.4 MPH)
Batting: RHB Jonathan Becktell 0-0: Foul Ball, location: 2F
0-1: Swinging Strike
0-2: Ball
1-2: Foul Ball, location: 25F
1-2: Strikes out swinging
Batting: SHB John Brownfield 0-0: Called Strike
0-1: Swinging Strike
0-2: Foul Ball, location: 2F
0-2: Foul Ball, location: 25F
0-2: Ground out 3-1 (Groundball, 34, EV 110.0 MPH)
Bottom of the 1st over - 0 runs, 0 hits, 0 errors, 0 left on base; Houston 1 - Seattle 0
TOP OF THE 2ND
Houston Astros batting - Pitching for Seattle Mariners : LHP John McWilliams
Batting: RHB Miguel Santillano 0-0: Ball
1-0: Called Strike
1-1: Called Strike
1-2: Strikes out swinging
Batting: RHB Erik Ellsworth 0-0: SINGLE (Groundball, 4MD, EV 95.0 MPH)
Batting: RHB Manchu Hu 0-0: Foul Ball, location: 2F
0-1: Fly out, F7 (Flyball, 78S, EV 91.9 MPH)
Batting: RHB Del Bannerman 0-0: Called Strike
0-1: Ball
1-1: Foul Ball, location: 5FF
1-2: Ground out 4-3 (Groundball, 4, EV 100.6 MPH)
Top of the 2nd over - 0 runs, 1 hit, 0 errors, 1 left on base; Houston 1 - Seattle 0
BOTTOM OF THE 2ND
Seattle Mariners batting - Pitching for Houston Astros : RHP Ron Lord
Batting: LHB Juan Aranda 0-0: Ball
1-0: Ball
2-0: Ball
3-0: Called Strike
3-1: Foul Ball, location: 7LMF
3-2: Foul Ball, location: 2F
3-2: Strikes out swinging, 2-3 out at first.
Batting: RHB Bill Larimer 0-0: Ball
1-0: Foul Ball, location: 2F
1-1: Called Strike
1-2: Ball
2-2: Ball
3-2: Base on Balls
Batting: LHB Tim Larsen 0-0: Called Strike
0-1: Foul Ball, location: 7LMF
0-2: Ball
1-2: Foul Ball, location: 7LSFF
1-2: SINGLE (Flyball, 8LS, EV 95.6 MPH)
Bill Larimer to second
Batting: RHB Anton Ortega 0-0: Called Strike
0-1: Ball
1-1: Fly out, F8 (Flyball, 8LM, EV 100.6 MPH)
Batting: LHB Jon Garza 0-0: Foul Ball, location: 5F
0-1: Ball
1-1: Ball
2-1: Swinging Strike
2-2: Ball
3-2: Foul Ball, location: 2F
3-2: Strikes out swinging
Bottom of the 2nd over - 0 runs, 1 hit, 0 errors, 2 left on base; Houston 1 - Seattle 0
TOP OF THE 3RD
Houston Astros batting - Pitching for Seattle Mariners : LHP John McWilliams
Batting: LHB Zack Baize 0-0: Swinging Strike
0-1: Foul Ball, location: 2F
0-2: Ball
1-2: Ball
2-2: Ground out 6-3 (Groundball, 6M, EV 106.9 MPH)
Batting: RHB Jeff Cinnamon 0-0: SINGLE (Groundball, 34D, EV 103.8 MPH)
Batting: LHB Alex Perez 0-0: Called Strike
0-1: Swinging Strike
0-2: Ball
1-2: Grounds into double play, 4-6-3 (Groundball, 34, EV 86.9 MPH)
Top of the 3rd over - 0 runs, 1 hit, 0 errors, 0 left on base; Houston 1 - Seattle 0
BOTTOM OF THE 3RD
Seattle Mariners batting - Pitching for Houston Astros : RHP Ron Lord
Batting: RHB Janani Sulaiman 0-0: Ball
1-0: Called Strike
1-1: Foul Ball, location: 9LDF
1-2: Foul Ball, location: 2F
1-2: Ball
2-2: Fly out, F9 (Flyball, 9LS, EV 89.4 MPH)
Batting: LHB Omar Perez 0-0: Ball
1-0: Reached on error, E4 (Groundball, 4, EV 91.9 MPH)
Batting: RHB Jonathan Becktell 0-0: Foul Ball, location: 5F
0-1: Ball
1-1: Ball
2-1: Ball
3-1: Grounds into double play, 4-6-3 (Groundball, 4, EV 102.5 MPH)
Bottom of the 3rd over - 0 runs, 0 hits, 1 error, 0 left on base; Houston 1 - Seattle 0
TOP OF THE 4TH
Houston Astros batting - Pitching for Seattle Mariners : LHP John McWilliams
Batting: LHB Eddy Miramontes 0-0: Called Strike
0-1: Ball
1-1: Called Strike
1-2: Strikes out swinging
Batting: RHB Frank Kelsay 0-0: Foul Ball, location: 2F
0-1: Called Strike
0-2: Strikes out looking
Batting: RHB Miguel Santillano 0-0: Called Strike
0-1: Called Strike
0-2: Strikes out looking
Top of the 4th over - 0 runs, 0 hits, 0 errors, 0 left on base; Houston 1 - Seattle 0
BOTTOM OF THE 4TH
Seattle Mariners batting - Pitching for Houston Astros : RHP Ron Lord
Batting: SHB John Brownfield 0-0: Called Strike
0-1: Ball
1-1: Ball
2-1: DOUBLE (Line Drive, 7LS, EV 93.8 MPH)
Batting: LHB Juan Aranda 0-0: Swinging Strike
0-1: Ball
1-1: Foul Ball, location: 2F
1-2: Strikes out swinging
Batting: RHB Bill Larimer 0-0: Ball
1-0: Called Strike
1-1: Ball
2-1: Ball
3-1: DOUBLE (Line Drive, 78D, EV 100.0 MPH)
John Brownfield scores
Batting: LHB Tim Larsen 0-0: Ball
1-0: Swinging Strike
1-1: Ball
2-1: Fly out, F8 (Flyball, 8LM, EV 98.8 MPH)
Pitching: RHP Josh Ferrier
Batting: RHB Anton Ortega 0-0: Called Strike
0-1: Fly out, F7 (Flyball, 78M, EV 88.8 MPH)
Bottom of the 4th over - 1 run, 2 hits, 0 errors, 1 left on base; Houston 1 - Seattle 1
TOP OF THE 5TH
Houston Astros batting - Pitching for Seattle Mariners : LHP John McWilliams
Pitching: RHP Brad Thomas
Batting: RHB Erik Ellsworth 0-0: Ball
1-0: DOUBLE (Line Drive, 7LM, EV 98.8 MPH)
Batting: RHB Manchu Hu 0-0: Called Strike
0-1: Swinging Strike
0-2: Strikes out swinging
Batting: RHB Del Bannerman 0-0: Ground out 6-3 (Groundball, 6, EV 85.6 MPH)
Batting: LHB Zack Baize 0-0: Called Strike
0-1: Ball
1-1: Ball
2-1: Foul Ball, location: 23FF
2-2: Strikes out swinging
Top of the 5th over - 0 runs, 1 hit, 0 errors, 1 left on base; Houston 1 - Seattle 1
BOTTOM OF THE 5TH
Seattle Mariners batting - Pitching for Houston Astros : RHP Josh Ferrier
Batting: LHB Jon Garza 0-0: Ball
1-0: Foul Ball, location: 2F
1-1: Ball
2-1: Swinging Strike
2-2: Foul Ball, location: 5F
2-2: Strikes out looking
Batting: RHB Janani Sulaiman 0-0: Called Strike
0-1: Foul Ball, location: 2F
0-2: Ball
1-2: Ball
2-2: Ball
3-2: Strikes out swinging
Batting: LHB Omar Perez 0-0: Foul Ball, location: 5DF
0-1: Ball
1-1: Fly out, F9 (Line Drive, 9D, EV 96.3 MPH)
Bottom of the 5th over - 0 runs, 0 hits, 0 errors, 0 left on base; Houston 1 - Seattle 1
TOP OF THE 6TH
Houston Astros batting - Pitching for Seattle Mariners : RHP Brad Thomas
Batting: RHB Jeff Cinnamon 0-0: Called Strike
0-1: Called Strike
0-2: Ball
1-2: Ground out 5-3 (Groundball, 56S, EV 82.5 MPH)
Batting: LHB Alex Perez 0-0: Ball
1-0: Called Strike
1-1: Swinging Strike
1-2: Ball
2-2: Strikes out swinging
Batting: LHB Eddy Miramontes 0-0: Ball
1-0: Called Strike
1-1: Ball
2-1: Foul Ball, location: 7LSF
2-2: Fly out, F5 (Popup, 5L, EV 75.0 MPH)
Top of the 6th over - 0 runs, 0 hits, 0 errors, 0 left on base; Houston 1 - Seattle 1
BOTTOM OF THE 6TH
Seattle Mariners batting - Pitching for Houston Astros : RHP Josh Ferrier
Batting: RHB Jonathan Becktell 0-0: Ball
1-0: Ball
2-0: Foul Ball, location: 9LMF
2-1: Foul Ball, location: 2F
2-2: Ball
3-2: Foul Ball, location: 5FF
3-2: Foul Ball, location: 3SF
3-2: Ground out U3 (Groundball, 34S, EV 68.1 MPH)
Batting: SHB John Brownfield 0-0: Swinging Strike
0-1: Foul Ball, location: 25F
0-2: Ball
1-2: Strikes out swinging
Batting: LHB Juan Aranda 0-0: Called Strike
0-1: Called Strike
0-2: Ball
1-2: Ball
2-2: Fly out, F8 (Line Drive, 89M, EV 93.8 MPH)
Bottom of the 6th over - 0 runs, 0 hits, 0 errors, 0 left on base; Houston 1 - Seattle 1
TOP OF THE 7TH
Houston Astros batting - Pitching for Seattle Mariners : RHP Brad Thomas
Pitching: RHP Tom Kingman
Batting: RHB Frank Kelsay 0-0: Swinging Strike
0-1: Ball
1-1: Foul Ball, location: 23F
1-2: Foul Ball, location: 23FF
1-2: Strikes out looking
Batting: RHB Miguel Santillano 0-0: Ball
1-0: Called Strike
1-1: Swinging Strike
1-2: Strikes out swinging
Batting: RHB Erik Ellsworth 0-0: Fly out, F8 (Flyball, 8RD, EV 95.0 MPH)
Top of the 7th over - 0 runs, 0 hits, 0 errors, 0 left on base; Houston 1 - Seattle 1
BOTTOM OF THE 7TH
Seattle Mariners batting - Pitching for Houston Astros : RHP Josh Ferrier
Batting: RHB Bill Larimer 0-0: Ball
1-0: Foul Ball, location: 5DF
1-1: Swinging Strike
1-2: Ground out U3 (Groundball, 3, EV 82.5 MPH)
Batting: LHB Tim Larsen 0-0: Ball
1-0: Called Strike
1-1: Called Strike
1-2: Foul Ball, location: 25F
1-2: Fly out, F6 (Popup, P, EV 90.0 MPH)
Batting: RHB Anton Ortega 0-0: Foul Ball, location: 9LMF
0-1: Swinging Strike
0-2: Strikes out looking
Bottom of the 7th over - 0 runs, 0 hits, 0 errors, 0 left on base; Houston 1 - Seattle 1
TOP OF THE 8TH
Houston Astros batting - Pitching for Seattle Mariners : RHP Tom Kingman
Batting: RHB Manchu Hu 0-0: Ball
1-0: Ball
2-0: Foul Ball, location: 2F
2-1: Foul Ball, location: 2F
2-2: Fly out, F3 (Popup, 3L, EV 60.0 MPH)
Batting: RHB Del Bannerman 0-0: Ball
1-0: Called Strike
1-1: Ball
2-1: Foul Ball, location: 5DF
2-2: Fly out, F4 (Popup, 34D, EV 62.5 MPH)
Pitching: RHP Ernie Lydon
Batting: LHB Zack Baize 0-0: Ball
1-0: Foul Ball, location: 2F
1-1: Ball
2-1: DOUBLE (Line Drive, 9LM, EV 103.1 MPH)
Batting: RHB Jeff Cinnamon 0-0: Foul Ball, location: 5F
0-1: Foul Ball, location: 2F
0-2: Strikes out looking
Top of the 8th over - 0 runs, 1 hit, 0 errors, 1 left on base; Houston 1 - Seattle 1
BOTTOM OF THE 8TH
Seattle Mariners batting - Pitching for Houston Astros : RHP Josh Ferrier
Batting: LHB Jon Garza 0-0: Called Strike
0-1: Ball
1-1: Foul Ball, location: 7LMF
1-2: Ball
2-2: Foul Ball, location: 3FF
2-2: Ball
3-2: Ground out 4-3 (Groundball, 4, EV 106.9 MPH)
Pinch Hitting: RHB Jaime Callahan 0-0: Called Strike
0-1: Ball
1-1: Ball
2-1: Ball
3-1: DOUBLE (Groundball, 5L, EV 101.3 MPH)
Batting: LHB Omar Perez 0-0: Intentional Walk
Batting: RHB Jonathan Becktell 0-0: Ball
1-0: Ball
2-0: SINGLE (Groundball, 34D, EV 94.4 MPH)
Jaime Callahan to third
Omar Perez to second
Runner from 3rd tries for Home, SAFE, throw by RF to home
Batting: SHB John Brownfield 0-0: Ball
1-0: Ball
2-0: Fly out, F4 (Line Drive, 34D, EV 62.5 MPH)
Lined into DP, 4-6 (Line Drive, 34D, EV 62.5 MPH)
Bottom of the 8th over - 1 run, 2 hits, 0 errors, 1 left on base; Houston 1 - Seattle 2
TOP OF THE 9TH
Houston Astros batting - Pitching for Seattle Mariners : RHP Ernie Lydon
Pitching: RHP Tony Soto
Now at 3B: Tim Larsen
Now at SS: Joe Weber
Batting: LHB Alex Perez 0-0: Ball
1-0: Called Strike
1-1: Foul Ball, location: 2F
1-2: Ball
2-2: Strikes out looking
Batting: LHB Eddy Miramontes 0-0: Called Strike
0-1: Swinging Strike
0-2: Foul Ball, location: 7LMF
0-2: Ball
1-2: Ball
2-2: Strikes out swinging
Batting: RHB Frank Kelsay 0-0: Called Strike
0-1: Foul Ball, location: 5F
0-2: Ball
1-2: Foul Ball, location: 2F
1-2: Foul Ball, location: 9LDF
1-2: Ball
2-2: Foul Ball, location: 2F
2-2: Strikes out looking
Top of the 9th over - 0 runs, 0 hits, 0 errors, 0 left on base; Houston 1 - Seattle 2
Wednesday, May 15th , 2024 - OOTP Baseball 24.11 Build 85